[Event "SRB-chT Men 1st League 2019"]
[Site "Subotica"]
[Date "2019.08.31"]
[Round "10.18"]
[White "Laketic, Gojko"]
[Black "Omorjan, Dejan"]
[Result "0-1"]
[ECO "A26"]
[WhiteElo "2376"]
[BlackElo "2291"]
[Annotator "NA"]
[PlyCount "58"]
[EventDate "2019.08.23"]
[EventType "team-tourn"]
[EventCountry "SRB"]
[SourceTitle "playchess.com"]
[Source "ChessBase"]
[SourceQuality "1"]
[TimeControl "40/5400+30:1800+30"]

1. Nf3 d6 2. g3 g6 3. Bg2 Bg7 4. c4 Nf6 5. Nc3 O-O 6. O-O Nc6 7. d3 e5 8. Rb1 a5 9. a3 h6 10. b4 axb4 11. axb4 Be6 12. b5 Ne7 13. Bb2 Nd7 14. Ra1 Nc5 15. Rxa8 Qxa8 16. Qc2 Qc8 17. Ra1 Bh3 18. Bh1 f5 19. Nd2 f4 20. Nd5 Nf5 21. Ne4 Kh7 22. Nxc5 dxc5 23. b6 c6 24. Nc7 fxg3 25. hxg3 Nxg3 26. Bf3 Rxf3 27. exf3 Nh5 28. Kh2 Nf4 29. Rg1 Bg2 0-1

[Event "SRB-chT Men 1st League 2019"]
[Site "Subotica"]
[Date "2019.09.01"]
[Round "11.5"]
[White "Laketic, Gojko"]
[Black "Vucinic, Gojko"]
[Result "1/2-1/2"]
[ECO "D90"]
[WhiteElo "2376"]
[BlackElo "2396"]
[Annotator "NA"]
[PlyCount "27"]
[EventDate "2019.08.23"]
[EventType "team-tourn"]
[EventCountry "SRB"]
[SourceTitle "playchess.com"]
[Source "ChessBase"]
[SourceQuality "1"]
[TimeControl "40/5400+30:1800+30"]

1. d4 Nf6 2. c4 g6 3. Nc3 d5 4. cxd5 Nxd5 5. Bd2 Bg7 6. Nf3 c5 7. Rc1 Nxc3 8. Bxc3 cxd4 9. Nxd4 O-O 10. e3 Bd7 11. Be2 Nc6 12. O-O Nxd4 13. Bxd4 Be6 14. Bxg7 1/2-1/2

[Event "SRB-chT Men 1st League 2019"]
[Site "Subotica"]
[Date "2019.09.01"]
[Round "11.6"]
[White "Damjanovic, Vuk"]
[Black "Tesic, Dragan"]
[Result "0-1"]
[ECO "B28"]
[WhiteElo "2246"]
[BlackElo "2306"]
[Annotator "NA"]
[PlyCount "86"]
[EventDate "2019.08.23"]
[EventType "team-tourn"]
[EventCountry "SRB"]
[SourceTitle "playchess.com"]
[Source "ChessBase"]
[SourceQuality "1"]
[TimeControl "40/5400+30:1800+30"]

1. e4 c5 2. Nf3 e6 3. b3 Nc6 4. Bb2 d6 5. d4 cxd4 6. Nxd4 a6 7. c4 Bd7 8. Nc3 Nf6 9. Be2 Be7 10. O-O O-O 11. Nc2 Qc7 12. Qd2 Rac8 13. Ne3 Qb8 14. Rad1 Rfd8 15. g4 h6 16. f4 Nh7 17. h4 Bxh4 18. Bd3 Bf6 19. Rf3 Bd4 20. Kg2 e5 21. Ncd5 Bxb2 22. Qxb2 exf4 23. Rxf4 Re8 24. a4 Ne5 25. a5 Be6 26. Qd4 Ng5 27. Nf5 Bxf5 28. exf5 f6 29. Kg3 Nc6 30. Qc3 Re5 31. Rf2 Rce8 32. Rdd2 Ne7 33. Nf4 Qc7 34. b4 Re3+ 35. Kg2 Qc6+ 36. Kg1 Nf3+ 37. Rxf3 Qxf3 38. Ng2 Qg3 39. Qd4 Nc6 40. Qd5+ Kh8 41. Bf1 Ne5 42. Kh1 Nf3 43. Nxe3 Qg1# 0-1

[Event "SRB-chT Men 1st League 2019"]
[Site "Subotica"]
[Date "2019.09.01"]
[Round "11.9"]
[White "Radovanovic, Mihajlo"]
[Black "Savic, Miodrag R"]
[Result "1-0"]
[ECO "C00"]
[WhiteElo "2496"]
[BlackElo "2472"]
[Annotator "ChessBase"]
[PlyCount "135"]
[EventDate "2019.08.23"]
[EventType "team-tourn"]
[EventCountry "SRB"]
[SourceTitle "playchess.com"]
[Source "ChessBase"]
[SourceQuality "1"]
[TimeControl "40/5400+30:1800+30"]

1. Nf3 Nf6 2. g3 d5 3. Bg2 e6 4. O-O Be7 5. d3 b6 6. Nbd2 Bb7 7. e4 c5 8. Re1 Nc6 9. c3 Qc7 10. a3 a5 11. Nf1 dxe4 12. dxe4 Ba6 13. e5 Nd7 14. Qa4 O-O 15. Qe4 Rac8 16. Bg5 h6 17. Bf4 Bb7 18. Qe2 Rfd8 19. h4 Nf8 20. h5 Nb8 21. N1h2 Ba6 22. Qe3 Rd3 23. Qc1 Bb7 24. Be3 Nh7 25. Bf1 Rd7 26. a4 Bc6 27. Bf4 Qb7 28. Qe3 Rcd8 29. Be2 Bf8 30. Ng4 c4 31. Nd4 Bd5 32. Bf3 Bc5 33. Bxd5 Rxd5 34. Qf3 Bxd4 35. cxd4 Nc6 36. Rad1 Qd7 37. Ne3 Rxd4 38. Qg4 Qe7 39. Rxd4 Rxd4 40. Nc2 Qb7 41. Nxd4 Nxd4 42. Re3 Nf5 43. Qf3 Qd7 44. Re1 Ne7 45. Qg4 Kh8 46. Be3 Qxa4 47. Rd1 Qe8 48. Rd6 Nf5 49. Rxb6 Nxe3 50. fxe3 Ng5 51. Qxc4 Qd8 52. Rd6 Qe8 53. Qd3 Nf3+ 54. Kf1 Nxe5 55. Rd8 Nxd3 56. Rxe8+ Kh7 57. Rb8 g6 58. Ke2 Nc5 59. Rb5 Ne4 60. Rxa5 Kg7 61. b4 Kf6 62. Kd3 Nxg3 63. b5 Ke7 64. Ra7+ Kd8 65. Rxf7 gxh5 66. b6 Kc8 67. Kd4 Nf5+ 68. Kc5 1-0

[Event "SRB-chT Men 1st League 2019"]
[Site "Subotica"]
[Date "2019.09.01"]
[Round "11.10"]
[White "Todorovic, Goran M"]
[Black "Vuckovic, Bojan"]
[Result "0-1"]
[ECO "B30"]
[WhiteElo "2415"]
[BlackElo "2581"]
[Annotator "ChessBase"]
[PlyCount "48"]
[EventDate "2019.08.23"]
[EventType "team-tourn"]
[EventCountry "SRB"]
[SourceTitle "playchess.com"]
[Source "ChessBase"]
[SourceQuality "1"]
[TimeControl "40/5400+30:1800+30"]

1. e4 c5 2. Nf3 Nc6 3. Nc3 e5 4. Bc4 Be7 5. d3 d6 6. O-O Nf6 7. Ng5 O-O 8. f4 Bg4 9. Qe1 exf4 10. Bxf4 Bh5 11. a3 Nd4 12. Qd2 Nd7 13. Nh3 Ne5 14. Ba2 Qd7 15. Nd5 Bh4 16. Bg5 Qg4 17. Kh1 Nef3 18. gxf3 Qxh3 19. Bxh4 Bxf3+ 20. Kg1 Qxh4 21. Rf2 Qg4+ 22. Kf1 Be2+ 23. Qxe2 Nxe2 24. Rxe2 Qf3+ 0-1

[Event "SRB-chT Men 1st League 2019"]
[Site "Subotica"]
[Date "2019.09.01"]
[Round "11.11"]
[White "Roganovic, Milos"]
[Black "Markovic, Miroslav"]
[Result "1/2-1/2"]
[ECO "B15"]
[WhiteElo "2505"]
[BlackElo "2394"]
[Annotator "ChessBase"]
[PlyCount "27"]
[EventDate "2019.08.23"]
[EventType "team-tourn"]
[EventCountry "SRB"]
[SourceTitle "playchess.com"]
[Source "ChessBase"]
[SourceQuality "1"]
[TimeControl "40/5400+30:1800+30"]

1. e4 c6 2. Nc3 d5 3. d4 dxe4 4. Nxe4 Nf6 5. Nxf6+ exf6 6. Bc4 Bd6 7. Qe2+ Be7 8. Nf3 O-O 9. O-O Bd6 10. h3 Re8 11. Be3 Nd7 12. Bb3 Nf8 13. Qd2 Qc7 14. Rfe1 1/2-1/2

[Event "SRB-chT Men 1st League 2019"]
[Site "Subotica"]
[Date "2019.09.01"]
[Round "11.17"]
[White "Budisavljevic, Luka"]
[Black "Simonovic, Aleksandar"]
[Result "1/2-1/2"]
[ECO "D00"]
[WhiteElo "2359"]
[BlackElo "2357"]
[Annotator "NA"]
[PlyCount "146"]
[EventDate "2019.08.23"]
[EventType "team-tourn"]
[EventCountry "SRB"]
[SourceTitle "playchess.com"]
[Source "ChessBase"]
[SourceQuality "1"]
[TimeControl "40/5400+30:1800+30"]

1. d4 d5 2. Bf4 c6 3. e3 Qb6 4. b3 Bf5 5. Bd3 Bxd3 6. Qxd3 e6 7. Nf3 Nf6 8. O-O Nbd7 9. c4 Qa6 10. Qc2 c5 11. Nc3 dxc4 12. bxc4 Bd6 13. Bxd6 $14 Qxd6 14. d5 exd5 15. cxd5 O-O 16. e4 a6 17. a4 b6 18. h3 Nh5 19. Qd2 f5 20. Ng5 Rae8 21. exf5 Rxf5 22. Rae1 Rfe5 23. Rxe5 Qxe5 24. Ne6 Nhf6 25. Re1 Qd6 26. Qg5 Re7 27. Re3 h6 28. Qf5 b5 29. Rf3 b4 30. Ne4 Qxd5 31. Nxf6+ Nxf6 32. Qxd5 Nxd5 33. Nxc5 Re1+ 34. Kh2 Nc3 35. a5 Ra1 36. Nxa6 b3 37. Rxc3 b2 38. Rb3 b1=Q 39. Rxb1 Rxb1 40. Nc7 Rc1 41. Nd5 Rc5 42. Ne3 Rxa5 43. Kg3 Ra3 44. h4 Kf7 45. Kf4 Ra4+ 46. Kg3 Ke6 47. f4 Ra3 48. Kf3 h5 49. Ke4 Ra4+ 50. Kf3 Ra3 51. Ke4 g6 52. Kf3 Ra1 53. Ke4 Rh1 54. g3 Ra1 55. Kf3 Ra2 56. Ke4 Rf2 57. Nd1 Rf1 58. Ne3 Rg1 59. Kf3 Rb1 60. Ke4 Rb4+ 61. Kf3 Ra4 62. Kf2 Kd6 63. Kf3 Rb4 64. f5 gxf5 65. Nxf5+ Ke5 66. Ng7 Rb3+ 67. Kg2 Ke4 68. Nxh5 Rb2+ 69. Kh3 Kf3 70. Nf6 Rb6 71. Ng4 Rb5 72. Nh2+ Kf2 73. Ng4+ Kf3 1/2-1/2

[Event "SRB-chT Men 1st League 2019"]
[Site "Subotica"]
[Date "2019.09.01"]
[Round "11.18"]
[White "Radovic, Luka"]
[Black "Besedes, Danilo"]
[Result "1/2-1/2"]
[ECO "A12"]
[WhiteElo "2328"]
[BlackElo "2249"]
[Annotator "NA"]
[PlyCount "134"]
[EventDate "2019.08.23"]
[EventType "team-tourn"]
[EventCountry "SRB"]
[SourceTitle "playchess.com"]
[Source "ChessBase"]
[SourceQuality "1"]
[TimeControl "40/5400+30:1800+30"]

1. c4 c6 2. Nf3 d5 3. g3 Nf6 4. b3 Bf5 5. Bg2 e6 6. Bb2 Be7 7. O-O O-O 8. d3 h6 9. Nbd2 Bh7 10. Qc2 Nbd7 11. a3 a5 12. Bc3 Qb6 13. Qb2 c5 14. d4 Rfe8 15. Ne5 cxd4 16. Bxd4 Bc5 17. Nxd7 Bxd4 18. Nxb6 Bxb2 19. Ra2 Ra6 20. Nxd5 exd5 21. Rxb2 Rxe2 22. cxd5 Be4 23. Rd1 Bxg2 24. Kxg2 Nxd5 25. Nc4 Ne3+ 26. Kf3 Rxb2 27. Rd8+ Kh7 28. Nxb2 Nc2 29. a4 Rb6 30. Rd7 Rxb3+ 31. Nd3 Nb4 32. Ke2 Nxd3 33. Rxd3 Rb4 34. Rd7 Kg6 35. h4 Kf6 36. Kf3 Ke6 37. Rc7 g6 38. Ke3 h5 39. Kf3 b6 40. Rb7 f6 41. Kg2 Kd5 42. Kf3 Kc6 43. Rf7 Rxa4 44. Rxf6+ Kb5 45. Rxg6 Rc4 46. Rg5+ Ka4 47. Rxh5 b5 48. Rh8 b4 49. Rb8 b3 50. h5 Rb4 51. Rxb4+ axb4 52. h6 b2 53. h7 b1=Q 54. h8=Q Qd3+ 55. Kg2 b3 56. g4 Qd2 57. Qa8+ Kb4 58. Qf8+ Kc4 59. Qc8+ Kd3 60. Qf5+ Kc3 61. Qc5+ Kd3 62. g5 Qf4 63. Qd5+ Kc2 64. Qc6+ Kd2 65. Qd5+ Kc2 66. Qc6+ Kd2 67. Qd5+ Kc2 1/2-1/2